AoeStats
← ItsBocchi

MegaRandom

510416838Analyzed
4v4 RM · 2d ago on Sep 30, 2026· 20m 7s· 8 players
Game mode
Random Map
Map size
Large (8 player)
Population
200
Speed
Normal
Resources
Standard
Victory
Conquest
Starting age
Dark Age
Ending age
Imperial Age
RankedLock teamsTeams togetherTeam positionsShared explorationLock speedFull tech treeHidden civsTurbo modeCheats
Victory
Defeat
🇺🇸 Persians · United States
837
+20
🇲🇽 Khmer · Mexico
782
+22
🇫🇷 Spanish · France
779
+22
🇦🇷 Cumans · Argentina
768
+24
🇨🇱 Malay · Chile
947
-23
🇦🇷 Burgundians · Argentina
935
-22
🇮🇪 Goths · Ireland
921
-22
🇹🇷 Byzantines · Türkiye
906
-21
mimotaker
1:18 Loom
12:01 Feudal Age
18:56 Castle Age
16:55 Double-Bit Axe
ferandres99
0:49 Loom
9:29 Feudal Age
9:56 Town Watch
10:16 Double-Bit Axe
16:41 Castle Age
16:28 Bloodlines
18:15 Husbandry
牛胜newsheng8
0:53 Loom
11:41 Feudal Age
12:48 Double-Bit Axe
12:47 Horse Collar
15:50 Arson
18:17 Gold Mining
18:18 Stone Mining
19:08 Fletching
19:19 Padded Archer Armor
19:20 Scale Mail Armor
VivaPeron
0:38 Loom
7:22 Feudal Age
8:44 Wheelbarrow
8:31 Double-Bit Axe
14:46 Fletching
Get Rekt
11:28 Feudal Age
12:38 Horse Collar
12:45 Double-Bit Axe
19:09 Castle Age
17:38 Stone Mining
Hermes Trismegistus
3:24 Loom
9:59 Feudal Age
12:24 Double-Bit Axe
slower
0:54 Loom
12:47 Feudal Age
18:01 Castle Age
16:27 Scale Barding Armor
16:39 Horse Collar
16:49 Double-Bit Axe
ItsBocchi
0:47 Loom
11:32 Feudal Age
13:37 Double-Bit Axe
15:16 Horse Collar
19:09 Castle Age
19:27 Stone Mining
19:27 Gold Mining
Connection lost

Rejoining the realm…

Still unreachable

The connection could not be restored.

Session expired

The server has moved on; the page needs a fresh start.